 Dungeon Crawl Stone Soup version 0.31-a0-750-gfe7b580527 (webtiles) character file.

Game seed: 17732894844276165202

12 cforsyth the Sneak (level 2, 0/25 HPs)
             Began as a Djinni Delver on Sept 14, 2023.
             Slain by an orc
             ... wielding a +0 hand axe
              (2 damage)
             ... on level 4 of the Dungeon.
             The game lasted 00:00:34 (182 turns).

cforsyth the Sneak (Djinni Delver)                   Turns: 182, Time: 00:00:35

Health: 0/25       AC:  3    Str:  8 (11) XL:     2   Next: 45%
Gold:   15         EV: 11    Int:  9 (11) God:
                   SH:  0    Dex: 12 (14)

rFire   + + .        a - +0 falchion
rCold   x . .        (no shield)
rNeg    . . .        b - +0 leather armour
rPois   ∞            (no helmet)
rElec   .            (no cloak)
rCorr   .            (no gloves)
SInv    .            (boots unavailable)
Will    .....        (no amulet)
Stlth   +            (no ring)
HPRegen 0.24/turn    (no ring)
MPRegen 0.00/turn

%: infuse magic (-1 HP)
@: confused, flying
A: sickness immunity, fire resistance 2, cold vulnerability 1, float, innate
caster, HP casting, extra vitality 1
a: no special abilities


You were on level 4 of the Dungeon.
You visited 1 branch of the dungeon, and saw 2 of its levels.

You collected 15 gold pieces.

Inventory:

Hand Weapons
 a - a +0 falchion (weapon)
Armour
 b - a +0 leather armour (worn)
Wands
 g - a wand of digging (3)
Scrolls
 c - a scroll of fog
 d - a scroll of revelation
 e - a scroll of fear
 h - a scroll of identify {unknown}
Potions
 f - a potion of haste


   Skills:
 + Level 3.3 Fighting
 - Level 1.7 Long Blades
 - Level 2.1 Dodging
 - Level 4.1 Stealth
 + Level 0.8 Spellcasting
 + Level 0.8 Conjurations
 + Level 0.8 Hexes
   Level 0.0 Charms
 + Level 0.8 Summonings
 + Level 0.8 Necromancy
 + Level 0.8 Translocations
 + Level 0.8 Transmutations
 + Level 0.8 Fire Magic
 + Level 0.8 Ice Magic
 + Level 0.8 Air Magic
 + Level 0.8 Earth Magic
 + Level 0.8 Poison Magic You didn't know any spells. Your spell library was empty.

Dungeon Overview and Level Annotations

Branches:
Dungeon (5/15)             Temple (0/1) D:4

Altars:


Innate Abilities, Weirdness & Mutations

You are immune to sickness and miasma.
You are immune to poison.
Your flesh is very heat resistant. (rF++)
You are vulnerable to cold. (rC-)
You float through the air rather than walking.
You learn spells naturally, not from books.
Your magical power is your life essence.
You have superior vitality. (+4 MHP)


Message History

The orc attacks as it pursues you! The orc closely misses you.
The orc attacks as it pursues you! The orc barely misses you.
You miss the orc. The orc hits you with a +0 whip.
The orc hits you with a +0 hand axe.
The orc zaps a wand.
You resist with significant effort.
You hit the orc.
The orc is almost dead.
The orc hits you with a +0 hand axe. The orc hits you with a +0 whip.
The orc barely misses you.
You feel less confused. The orc hits you with a +0 hand axe.
The orc hits you but does no damage.
The orc zaps a wand.
Your will is overpowered!
You are confused.
Unknown command.
You're too confused to move!
The orc zaps a wand.
Your will is overpowered!
You are more confused.
It was a potion of degeneration.
There was something very wrong with that liquid.
You feel weakened.
You feel dopey.
You feel clumsy. The orc barely misses you.
You bump into the rock wall.
The orc hits you with a +0 whip. The orc attacks as it pursues you!
The orc hits you with a +0 whip.
* * * LOW HITPOINT WARNING * * *
You closely miss the orc. The orc barely misses you.
You barely miss the orc.
The hound barks!
You hear a bark!
The orc hits you with a +0 hand axe.
* * * LOW HITPOINT WARNING * * *
The orc hits you but does no damage.
A ball python comes into view.
The orc barely misses you.
The ball python hisses angrily.
You closely miss the orc.
A hound comes into view.
The orc hits you but does no damage. The orc misses you.
You barely miss the orc. The orc hits you with a +0 whip.
* * * LOW HITPOINT WARNING * * *
The orc hits you with a +0 hand axe.
You die...

....##............
.....#............ ....
...........# ....
##.#...###.## h.S..
#.###..##..## #....
#...........#####...
#................h##
##..........####o...##..
.#..........#.oo@.......
.)............#####.....
#...........### #..
#...........#
#...........# ..
##..........#####..#
##.................r
.......#####........
.......##....#.#.#.#


You could see 2 hounds, 3 orcs and a ball python.

Vanquished Creatures
  An adder (D:4)
  An endoplasm (D:4)
  A goblin (D:4)
  A ball python (D:4)
4 creatures vanquished.

Notes
Turn   | Place    | Note
-------+----------+-------------------------------------------
     0 | D:5      | cforsyth the Djinni Delver began the quest for the Orb.
     0 | D:5      | Reached XP level 1. HP: 20/20 MP: 0/0
   120 | D:4      | Noticed an iguana
   125 | D:4      | Noticed a hound
   141 | D:4      | Reached XP level 2. HP: 15/25 MP: 0/0
   153 | D:4      | Found a staircase to the Ecumenical Temple.
   182 | D:4      | Slain by an orc

Illustrated notes

Levels and vault maps discovered:
D:4:      layout_rooms, minmay_temple_entry_ruins
D:5:      cheibrodos_fzero, layout_rooms,
          mainiacjoe_overflow_concentric_impassable

Action                     || total
---------------------------++-------
  Melee: Falchion          ||    20
    Use: Potion            ||     1
   Stab: Sleeping          ||     1
 Armour: Leather armour    ||    24
  Dodge: Dodged            ||    15

Table legend: (Time is in decaauts)
 A = Elapsed time spent in this place.
 B = Non-inter-level travel time spent in this place.
 C = Inter-level travel time spent in this place.
 D = Time resting spent in this place.
 E = Time spent auto-exploring this place.
 F = Levels seen in this place.
 G = Mean time per level.
                   A        B        C        D        E       F      G
               +--------+--------+--------+--------+--------+-----+--------+
         Total |    186 |    186 |      0 |      0 |     94 |   2 |   93.0 |
       Dungeon |    186 |    186 |      0 |      0 |     94 |   2 |   93.0 |
               +--------+--------+--------+--------+--------+-----+--------+

Top non-repeatable levels by time:
     D:4: 180 daAuts
     D:5: 6 daAuts
